 Dungeon Crawl Stone Soup version 0.24.0-125-gc4c63601f3 (webtiles) character file.

Game seed: 2619220539995248385, levelgen mode: deterministic

4433 DavidChitty2 the Basher (level 10, -2/64 HPs)
             Began as a Gargoyle Fighter on Feb 25, 2020.
             Was a Follower of Okawaru.
             Killed by divine providence
             ... invoked by an orc priest
              (16 damage)
             ... on level 9 of the Dungeon.
             The game lasted 00:15:19 (9131 turns).

DavidChitty2 the Basher (Gargoyle Fighter)          Turns: 9131, Time: 00:15:20

Health: -2/64      AC: 24    Str: 23    XL:     10   Next: 36%
Magic:  11/11      EV:  4    Int: 11    God:    Okawaru [*.....]
Gold:   165        SH: 17    Dex:  9    Spells: 9/9 levels left

rFire    . . .     SeeInvis .   a - +3 flail (crush)
rCold    . . .     Gourm    .   g - +1 large shield of Qalo {+Inv Int+2 Slay+2}
rNeg     + . .     Faith    .   s - +0 chain mail
rPois    ∞         Spirit   .   b - +0 helmet
rElec    +         Reflect  .   p - +0 cloak
rCorr    .         Harm     .   (no gloves)
MR       +....                  n - +2 pair of boots
Stlth    ..........             (no amulet)
HPRegen  0.20/turn              y - +3 ring of slaying
MPRegen  0.12/turn              l - ring of protection from magic

@: no status effects
A: negative energy resistance 1, electricity resistance, unbreathing,
petrification resistance, rot immunity, AC +7
a: Heroism, Renounce Religion, Evoke Invisibility


You were on level 9 of the Dungeon.
You worshipped Okawaru.
Okawaru was aware of your devotion.
You were not hungry.

You visited 2 branches of the dungeon, and saw 10 of its levels.
You also visited: Sewer.

You collected 488 gold pieces.
You spent 323 gold pieces at shops.

Inventory:

Hand Weapons
 a - a +3 flail of crushing (weapon)
   (You took it off an orc priest on level 4 of the Dungeon)
Missiles
 j - 40 poisoned darts (quivered)
 r - a throwing net {!f}
Armour
 b - a +0 helmet (worn)
   (You found it on level 8 of the Dungeon)
 g - the +1 large shield of Qalo (worn) {+Inv Int+2 Slay+2}
   (You bought it in a shop on level 6 of the Dungeon)

   It affects your intelligence (+2).
   It affects your accuracy and damage with ranged weapons and melee attacks
   (+2).
   It lets you turn invisible.
 n - a +2 pair of boots (worn)
   (You found it on level 2 of the Dungeon)
 p - a +0 cloak (worn)
   (You took it off Crazy Yiuf on level 2 of the Dungeon)
 s - a +0 chain mail (worn)
   (You took it off an orc on level 4 of the Dungeon)
Jewellery
 l - a ring of protection from magic (right hand)
   (You found it on level 4 of the Dungeon)
 y - a +3 ring of slaying (left hand)
   (You found it on level 4 of the Dungeon)
 F - an uncursed amulet of harm {unknown}
   (You found it on level 9 of the Dungeon)
Wands
 t - a wand of flame (17)
   (You found it on level 5 of the Dungeon)
 u - a wand of enslavement (9)
   (You found it on level 6 of the Dungeon)
 C - a wand of polymorph (3)
   (You found it on level 8 of the Dungeon)
Scrolls
 c - 2 scrolls of amnesia
 m - 2 scrolls of enchant armour
 o - 4 scrolls of remove curse {@r2}
 v - 2 scrolls of teleportation {@r4}
 w - 3 scrolls of immolation {!r}
 G - a scroll of blinking
 H - a scroll of fog
Potions
 d - a potion of might
 f - 2 potions of berserk rage
 h - a potion of brilliance {unknown}
 i - 3 potions of invisibility
 k - 3 potions of lignification {!q}
 q - a potion of ambrosia
 x - 4 potions of agility {unknown}
 z - a potion of curing {unknown}
 A - 2 potions of heal wounds {@q2}
 B - 4 potions of flight
 E - a potion of mutation {!q}
Comestibles
 e - 14 rations {!d}
 D - 6 chunks of flesh


   Skills:
 + Level 7.9 Fighting
 * Level 9.5 Maces & Flails
 + Level 7.9 Armour
 + Level 7.9 Shields
 + Level 2.0 Invocations


You had 9 spell levels left.
You didn't know any spells.
Your spell library contained the following spells:

 Spells                   Type           Power        Failure   Level  Hunger
 Animate Skeleton         Necr           N/A          100%        1    ##.....
 Apportation              Tloc           #.....       100%        1    ##.....
 Confusing Touch          Hex            #.....       100%        1    ##.....
 Flame Tongue             Conj/Fire      #....        100%        1    ##.....
 Infusion                 Chrm           #...         100%        1    ##.....
 Summon Small Mammal      Summ           #...         100%        1    ##.....
 Shroud of Golubria       Chrm/Tloc      #.....       100%        2    ###....
 Song of Slaying          Chrm           #.......     100%        2    ###....
 Throw Flame              Conj/Fire      #.....       100%        2    ###....
 Conjure Flame            Conj/Fire      #.......     100%        3    ####...
 Inner Flame              Hex/Fire       #.......     100%        3    ####...
 Regeneration             Chrm/Necr      #.........   100%        3    ####...
 Spectral Weapon          Hex/Chrm       #.......     100%        3    ####...
 Sticky Flame             Conj/Fire      #.......     100%        4    #####..
 Fireball                 Conj/Fire      #.........   100%        5    ######.


Dungeon Overview and Level Annotations

Branches:
Dungeon (9/15)             Temple (1/1) D:4           Sewer (visited)
   Lair: D:8-11         Orc: D:9-12

Altars:
Ashenzari
Cheibriados
Dithmenos
Elyvilon
Fedhas
Gozag
Hepliaklqana
Kikubaaqudgha
Makhleb
Nemelex Xobeh
Okawaru
Qazlal
Ru
Sif Muna
Trog
Uskayaw
Vehumet
Wu Jian
Xom
Yredelemnul
Zin
The Shining One

Shops:
D:5 :   D:6 ?[[(


Innate Abilities, Weirdness & Mutations

You are resistant to torment.
Your stone body is resilient. (AC +7)
You are immune to poison.
You resist negative energy. (rN+)
You are resistant to electric shocks. (rElec)
You can survive without breathing.
You are immune to petrification.
You are immune to rotting.


Message History

You closely miss the orc warrior.
The orc wizard mumbles some strange words.
The orc wizard seems to speed up.
The orc hits you but does no damage.
You thump the orc warrior!
You kill the orc warrior!
Okawaru accepts your kill.
The orc wizard looks encouraged for a moment.
You block the orc priest's attack. The orc barely misses you.
You thump the orc priest!
The orc wizard miscasts a cantrip.
You block the orc priest's attack. You block the orc's attack.
The orc priest calls down the wrath of Beogh upon you.
Beogh smites you!
You closely miss the orc priest.
The orc wizard hits you but does no damage.
The orc priest invokes the aid of Beogh against you.
Pain shoots through your body!
* * * LOW HITPOINT WARNING * * *
You block the orc's attack.
The orc wizard hits you but does no damage.
You bludgeon the orc priest!!
You kill the orc priest!
Okawaru accepts your kill.
Your Invocations skill increases to level 2!
You block the orc wizard's attack. You block the orc's attack.
You sock the orc wizard!
You kill the orc wizard!
Okawaru accepts your kill. The orc hits you but does no damage.
The orc priest hits you but does no damage.
You block the orc's attack.
The orc priest hits you but does no damage.
Items here: )) [[ a +0 dagger; a +0 robe; a +0 scimitar; a +0 plate armour Your shield prevents you from hitting the orc priest.
The orc hits you.
* * * LOW HITPOINT WARNING * * *
The orc priest hits you with a +0 war axe.
* * * LOW HITPOINT WARNING * * *
You hit the orc priest. You block the orc's attack.
You hit the orc priest. You block the orc priest's attack.
The orc hits you but does no damage. The orc closely misses you.
Your shield prevents you from hitting the orc priest.
The orc priest calls down the wrath of Beogh upon you.
Beogh smites you!
* * * LOW HITPOINT WARNING * * *
You block the orc's attack.
The orc priest mumbles some strange prayers to Beogh against you.
Beogh smites you!
You die...

### #.# #.# #.# ### #.#
#.#####.# #####
#####.##....######......
................@.......
..............>oo...###.
..÷...#.....##.###..#
............##.# ..#
#######.###..... ... #.#
#.##... .### #.#
#.##...# # ##.# #.# #.
#...# .....


You could see an orc priest and an orc.

Vanquished Creatures
  Prince Ribbit (D:5)
  Menkaure (D:5)
  A water moccasin (D:6)
  Duvessa (D:5)
  A black bear (D:9)
  2 orc warriors
  2 ice beasts
  3 sky beasts
  4 ogres
  A necrophage (D:6)
  3 centaurs
  2 big kobolds
  6 bullfrogs
  Dowan (D:5)
  3 scorpions (D:7)
  3 killer bees (D:8)
  A bullfrog zombie (D:6)
  4 crimson imps
  A quasit (D:9)
  A centaur zombie (D:8)
  5 hounds
  2 jellies
  Crazy Yiuf (D:2)
  A bullfrog skeleton (D:7)
  6 orc priests
  6 orc wizards
  A centaur skeleton (D:4)
  5 iguanas
  Natasha (thrice) (D:3)
  9 worker ants
  2 hound skeletons
  A worker ant zombie (D:9)
  9 adders
  3 gnolls (D:3)
  2 river rats (Sewer)
  A shadow imp (D:7)
  4 oozes
  An adder skeleton (D:9)
  5 worms
  4 dart slugs
  7 leopard geckos
  25 orcs
  A bat zombie (D:2)
  14 giant cockroaches
  13 goblins
  11 hobgoblins
  20 jackals
  6 quokkas
  3 ball pythons
  5 bats
  8 frilled lizards
  16 kobolds
  A quokka skeleton (D:5)
  A quokka zombie (D:8)
  14 rats
  3 rat zombies (D:2)
261 creatures vanquished.

Notes
Turn   | Place    | Note
-------+----------+-------------------------------------------
     0 | D:1      | DavidChitty2 the Gargoyle Fighter began the quest for the
                  | Orb.
     0 | D:1      | Reached XP level 1. HP: 14/14 MP: 1/1
     0 | D:1      | Noticed a jelly
     1 | D:1      | Found a runed translucent door.
   105 | D:1      | Reached XP level 2. HP: 19/19 MP: 2/2
   448 | D:1      | Reached XP level 3. HP: 23/23 MP: 3/3
   810 | D:1      | Reached skill level 3 in Maces & Flails
   810 | D:1      | Reached XP level 4. HP: 21/29 MP: 4/4
   988 | D:2      | Found a runed translucent door.
   989 | D:2      | Noticed Crazy Yiuf
  1197 | D:2      | Found a faded altar of an unknown god.
  1282 | D:2      | Reached XP level 5. HP: 32/33 MP: 5/5
  1726 | D:2      | Found an ancient bone altar of Kikubaaqudgha.
  1992 | D:2      | Killed Crazy Yiuf
  2243 | D:3      | Reached skill level 4 in Maces & Flails
  2255 | D:3      | Reached XP level 6. HP: 26/39 MP: 6/6
  2899 | D:3      | Noticed Natasha
  2930 | D:3      | Killed Natasha
  3270 | D:3      | Noticed Natasha
  3277 | D:3      | Killed Natasha
  3599 | D:3      | Noticed Natasha
  3607 | D:3      | Killed Natasha
  3764 | D:4      | Reached XP level 7. HP: 44/44 MP: 7/7
  4105 | D:4      | Found a staircase to the Ecumenical Temple.
  4126 | Temple   | Entered the Ecumenical Temple
  4218 | D:4      | Reached skill level 5 in Maces & Flails
  4322 | D:4      | Found a sparkling altar of Nemelex Xobeh.
  4561 | D:4      | Reached skill level 5 in Fighting
  4570 | D:4      | Reached skill level 5 in Armour
  4691 | D:5      | Entered Level 5 of the Dungeon
  4697 | D:5      | Found a glowing drain.
  4713 | D:5      | Reached skill level 5 in Shields
  4716 | Sewer    | Entered a sewer
  4861 | Sewer    | Found a white marble altar of Elyvilon.
  4929 | D:5      | Noticed Prince Ribbit
  4988 | D:5      | Reached XP level 8. HP: 31/50 MP: 8/8
  4994 | D:4      | Reached skill level 6 in Maces & Flails
  5246 | D:5      | Found a glowing silver altar of Zin.
  5248 | D:5      | Noticed Menkaure
  5262 | D:5      | Killed Menkaure
  5298 | D:5      | Killed Prince Ribbit
  5300 | D:5      | Got a dazzling hand axe
  5330 | D:5      | Found a shattered altar of Ashenzari.
  5421 | D:5      | Noticed Dowan
  5424 | D:5      | Noticed Duvessa
  5429 | D:5      | Killed Dowan
  5440 | D:5      | Killed Duvessa
  5440 | D:5      | Reached skill level 7 in Maces & Flails
  5518 | D:5      | Found Fiow's Book Emporium.
  5718 | D:5      | Reached XP level 9. HP: 46/56 MP: 9/9
  5937 | D:6      | Found Netwyud's Armour Boutique.
  6010 | D:6      | Got a shimmering leather armour
  6107 | D:6      | Found Hefaw's Weapon Boutique.
  6443 | D:6      | Found Ytycwymoy's Antique Armour Boutique.
  6451 | D:6      | Bought a warped large shield for 275 gold pieces
  6469 | D:6      | Reached skill level 8 in Maces & Flails
  6520 | D:6      | Identified the +1 large shield of Qalo {+Inv Int+2 Slay+2}
                  | (You bought it in a shop on level 6 of the Dungeon)
  6693 | D:6      | Found Meczor's Magic Scroll Emporium.
  6696 | D:6      | Bought a scroll of identify for 24 gold pieces
  6696 | D:6      | Bought a scroll of identify for 24 gold pieces
  7057 | D:7      | Found a sacrificial altar of Ru.
  7313 | D:7      | Reached XP level 10. HP: 63/63 MP: 10/10
  7519 | D:7      | Reached skill level 9 in Maces & Flails
  7524 | D:7      | Found an iron altar of Okawaru.
  7738 | D:7      | Became a worshipper of Warmaster Okawaru
  8243 | D:8      | Reached skill level 1 in Invocations
  8852 | D:9      | Found an ornate altar of the Wu Jian Council.
  8868 | D:9      | Reached * piety under Okawaru
  9131 | D:9      | Killed from afar by an orc priest

Levels and vault maps discovered:
D:1:      dpeg_arrival_caged_fury, layout_loops_ring
D:2:      layout_loops_ring, lemuel_zombie_altar_kikubaaqudgha,
          chequers_ecumenical_altar_simple, minmay_puff, uniq_crazy_yiuf_cottage
D:3:      layout_basic, serial_bayou, serial_bayou_shore_a,
          serial_bayou_lagoon_a, serial_bayou_shore_b, serial_bayou_pond_a,
          nrook_mini_vaults, uniq_natasha
D:4:      layout_rooms, lemuel_crystal_altar, minmay_temple_entry_waves,
          first_ration, kennysheep_generic_room_9
D:5:      layout_rooms, zin_academy, serial_shops, shop, basic_altar,
          cheibrodos_sewer_entry_drain, uniq_duvessa, uniq_prince_ribbit1,
          uniq_menkaure
D:6:      layout_loops_ring, serial_shops, kennysheep_mini_moat,
          kennysheep_little_box, nicolae_shop_window_shopping, shop_statue,
          minmay_increasing_density
D:7:      layout_loops_ring, lemuel_doored_altar, marbit_many_paths
D:8:      layout_loops_ring
D:9:      layout_basic, nicolae_overflow_hidden_temple, hangedman_fish_farm,
          chequers_arboretum
Temple:   compressed_dpeg_circular_temple

Skill      XL: |  1  2  3  4  5  6  7  8  9 10 |
---------------+-------------------------------+-----
Maces & Flails | 3 4 5 7 8 9 |  9.5
Fighting       | 4 5 6 7 |  7.9
Armour         | 4 5 6 7 |  7.9
Shields        | 4 5 6 7 |  7.9
Invocations    | 2 |  2.0

Action                   |  1- 3 |  4- 6 |  7- 9 | 10-12 || total
-------------------------+-------+-------+-------+-------++-------
Melee: Flail             |    93 |   369 |   341 |   134 ||   937
Throw: Dart              |       |       |    14 |       ||    14
  Use: Scroll            |       |       |    13 |     3 ||    16
  Eat: Chunk             |       |     9 |    10 |     6 ||    25
       Ration            |       |     1 |       |       ||     1
Armor: Scale mail        |    36 |   190 |       |       ||   226
       Chain mail        |       |     5 |   157 |    73 ||   235
Dodge: Dodged            |    31 |   130 |    52 |    21 ||   234
Block: Shield            |    38 |   190 |   144 |       ||   372
       Large shield      |       |       |    49 |   145 ||   194
